 Dungeon Crawl Stone Soup version 0.30-a0-469-g84de5afbc5 (webtiles) character file.

Game seed: 10525636945603731895

373 Sabo the Covered (level 6, -2/55 HPs)
             Began as an Armataur Fighter on Dec 20, 2022.
             Was an Initiate of Makhleb.
             Slain by a gnoll
             ... wielding a +0 halberd of freezing
             ... led by a gnoll bouda
              (4 damage)
             ... on level 4 of the Dungeon.
             The game lasted 00:23:07 (3360 turns).

Sabo the Covered (Armataur Fighter)                 Turns: 3360, Time: 00:23:07

Health: -2/55      AC: 11    Str: 24    XL:     6   Next: 43%
Magic:  6/6        EV:  6    Int:  8    God:    Makhleb [......]
Gold:   125        SH:  4    Dex:  9    Spells: 5/5 levels left

rFire   . . .      SeeInvis .    a - +1 war axe
rCold   . . .      Faith    .    c - +0 buckler
rNeg    . . .      Spirit   .    m - +0 chain mail
rPois   .          Reflect  .    l - +1 helmet
rElec   .          Harm     .    (no cloak)
rCorr   .          Roll     +    (no gloves)
Will    .....                    (no barding)
Stlth   ..........               (no amulet)
HPRegen 0.29/turn                f - +4 ring of slaying
MPRegen 0.10/turn                t - +4 ring of slaying

@: mighty, weakened
A: large, rugged brown scales 3, deformed body, armoured tail, roll, long
tongue, awkward tongue
a: Renounce Religion


You were on level 4 of the Dungeon.
You worshipped Makhleb.
Makhleb was noncommittal.
You visited 2 branches of the dungeon, and saw 5 of its levels.

You collected 125 gold pieces.

Inventory:

Hand Weapons
 a - a +1 war axe (weapon)
 A - a +0 mace of protection
 B - a +0 sling of freezing
Missiles
 v - 21 poisoned darts (quivered)
Armour
 c - a +0 buckler (worn)
 l - a +1 helmet (worn)
 m - a +0 chain mail (worn)
Jewellery
 b - the ring "Lorun" {rC+ SInv}
   (You found it on level 3 of the Dungeon)

   [ring of protection from cold]

   rC:        It protects you from cold.
   SInv:      It lets you see invisible.
 f - a +4 ring of slaying (left hand)
 j - a +4 ring of protection
 n - a ring of flight
 t - a +4 ring of slaying (right hand)
Wands
 E - a wand of flame (13)
Scrolls
 e - a scroll of butterflies {unknown}
 p - a scroll of blinking
 u - 2 scrolls of enchant weapon
 C - a scroll of fog
 D - a scroll of teleportation
Potions
 g - a potion of berserk rage {unknown}
 h - a potion of cancellation {unknown}
 i - 2 potions of lignification {unknown}
 o - a potion of magic {unknown}
 s - 3 potions of curing {unknown}
 w - a potion of haste {unknown}


   Skills:
 + Level 3.6 Fighting
 + Level 4.0 Axes
 + Level 5.2 Armour
 + Level 0.3 Dodging
 + Level 0.2 Stealth
 + Level 4.0 Shields


You had 5 spell levels left.
You didn't know any spells.
Your spell library contained the following spells:

 Spells                   Type           Power      Damage    Failure   Level
 Freeze                   Ice            0%         1d3       98%         1
 Frozen Ramparts          Ice            0%         1d1       100%        3
 Hailstorm                Conj/Ice       0%         3d3       100%        3
 Stone Arrow              Conj/Erth      0%         3d7       100%        3
 Animate Armour           Summ/Erth      0%         N/A       100%        4
 Lehudib's Crystal Spear  Conj/Erth      0%         10d2      100%        8


Dungeon Overview and Level Annotations

Branches:
Dungeon (4/15)             Temple (1/1) D:4

Altars:
Elyvilon
Gozag
Hepliaklqana
Kikubaaqudgha
Makhleb
Sif Muna
Wu Jian
Xom
Yredelemnul
Zin
The Shining One


Innate Abilities, Weirdness & Mutations

You are completely covered in rugged brown scales. (AC +3, +7% HP)
Armour fits poorly on your strangely shaped body.
You have a long armoured tail.
You roll when moving toward enemies. (Rampage)
Your long tongue fully drains potion bottles. (2x potion effects)
Your tongue gives you trouble enunciating. (1.5x scroll delay)


Message History

You closely miss the orc. You block the gnoll's attack.
The orc completely misses you.
The gnoll hits you from afar with a +0 halberd of freezing!
The gnoll freezes you.
You barely miss the orc.
The orc hits you with a +2 vampiric dagger.
The gnoll hits you from afar with a +0 halberd of freezing!
The gnoll freezes you. The orc hits you but does no damage.
The gnoll bouda calls upon its god to heal the gnoll.
The gnoll is healed somewhat.
You slash the orc!
You kill the orc!
Makhleb accepts your kill. The gnoll hits you but does no damage.
The gnoll bouda barks out a call to the hunt!
The gnoll picks up the pace!
You roll towards the gnoll!
You slash the gnoll!
Your tail-slap misses the gnoll.
The gnoll is severely wounded.
The gnoll hits you with a +0 halberd of freezing.
The gnoll freezes you.
You barely miss the gnoll.
The gnoll is severely wounded.
The gnoll hits you with a +0 halberd of freezing!
* * * LOW HITPOINT WARNING * * *
The gnoll freezes you.
* * * LOW HITPOINT WARNING * * *
The gnoll bouda gazes fiercely through you!
You feel your attacks grow feeble.
You slash the gnoll bouda!
The gnoll bouda is severely wounded.
You block the gnoll's attack.
The gnoll bouda hits you with a +0 club.
* * * LOW HITPOINT WARNING * * *
You barely miss the gnoll bouda.
The gnoll bouda is severely wounded.
The gnoll hits you from afar with a +0 halberd of freezing!
* * * LOW HITPOINT WARNING * * *
The gnoll freezes you.
You die...

........ .....>#
#.....# #.....#
..#....g# #
#.'..r#g##.#
#..gKg..#
####g####
##@#######
#.........
###..########
#...........#
#...........#
#...........#
#...........#
#...........##
#####............#


You could see a gnoll bouda, 4 gnolls, a quokka and a kobold.

Vanquished Creatures
  A phantom (D:4)
  A scorpion (D:4)
  Blork the orc (D:4)
  An orc priest (D:4)
  An iguana (D:4)
  Robin (D:3)
  3 adders (D:2)
  A dart slug (D:3)
  5 orcs (D:4)
  4 bats
  2 endoplasms
  5 giant cockroaches
  17 goblins
  10 hobgoblins
  A quokka (D:3)
  5 ball pythons
  3 frilled lizards
  4 kobolds
  8 rats
74 creatures vanquished.

Notes
Turn   | Place    | Note
-------+----------+-------------------------------------------
     0 | D:1      | Sabo the Armataur Fighter began the quest for the Orb.
     0 | D:1      | Reached XP level 1. HP: 19/19 MP: 1/1
   199 | D:1      | Reached XP level 2. HP: 23/26 MP: 2/2
   518 | D:1      | Reached skill level 4 in Armour
   851 | D:2      | Reached XP level 3. HP: 33/33 MP: 3/3
  1771 | D:3      | Noticed Robin
  1775 | D:3      | Reached XP level 4. HP: 40/40 MP: 4/4
  1786 | D:3      | Killed Robin
  1978 | D:3      | Identified the ring "Lorun" {rC+ SInv}
  2647 | D:4      | Noticed a scorpion
  2657 | D:4      | Killed a scorpion
  2658 | D:4      | Reached XP level 5. HP: 42/48 MP: 5/5
  2698 | D:4      | Found a staircase to the Ecumenical Temple.
  2705 | Temple   | Entered the Ecumenical Temple
  2705 | Temple   | Found a transporter.
  2705 | Temple   | Found a transporter.
  2707 | Temple   | Found a transporter.
  2707 | Temple   | Found a transporter.
  2859 | Temple   | Became a worshipper of Makhleb the Destroyer
  3005 | D:4      | Noticed a phantom
  3010 | D:4      | Killed a phantom
  3011 | D:4      | Reached skill level 5 in Armour
  3019 | D:4      | Noticed Blork the orc
  3026 | D:4      | Reached XP level 6. HP: 37/54 MP: 6/6
  3031 | D:4      | Killed Blork the orc
  3360 | D:4      | HP: 2/55 [gnoll/+0 halberd of freezing[a gnoll bouda] (9)]
  3360 | D:4      | Slain by a gnoll

Illustrated notes

Levels and vault maps discovered:
D:1:      dpeg_arrival_three_bigger_balls, layout_basic,
          amcnicky_mini_corridor_feature
D:2:      layout_basic
D:3:      layout_loops_ring, uniq_robin
D:4:      layout_basic, temple_statues, kennysheep_generic_room_13,
          uniq_grinder, uniq_blork_the_orc
Temple:   hellmonk_temple_divided_pantheon

Skill      XL: |  1  2  3  4  5  6 |
---------------+-------------------+-----
Fighting       | 3 |  3.6
Armour         | 4 5 |  5.2
Axes           | 2 3 4 |  4.0
Shields        | 4 |  4.0
Dodging        | |  0.3
Stealth        | |  0.2

Action                   |  1- 3 |  4- 6 || total
-------------------------+-------+-------++-------
Melee: War axe           |    94 |    67 ||   161
       Tailslap          |     9 |     4 ||    13
Evoke: Wand              |       |     2 ||     2
  Use: Scroll            |     2 |     9 ||    11
       Potion            |       |     1 ||     1
Armor: Scale mail        |    12 |       ||    12
       Chain mail        |    63 |    43 ||   106
Dodge: Dodged            |    15 |    23 ||    38
Block: Buckler           |    22 |    13 ||    35

Table legend: (Time is in decaauts)
 A = Elapsed time spent in this place.
 B = Non-inter-level travel time spent in this place.
 C = Inter-level travel time spent in this place.
 D = Time resting spent in this place.
 E = Time spent auto-exploring this place.
 F = Levels seen in this place.
 G = Mean time per level.
                   A        B        C        D        E       F      G
               +--------+--------+--------+--------+--------+-----+--------+
         Total |   3428 |   3428 |      0 |    369 |      0 |   5 |  685.6 |
       Dungeon |   3251 |   3251 |      0 |    369 |      0 |   4 |  812.8 |
        Temple |    176 |    176 |      0 |      0 |      0 |   1 |  176.0 |
               +--------+--------+--------+--------+--------+-----+--------+

Top non-repeatable levels by time:
     D:3: 1058 daAuts
     D:2: 848 daAuts
     D:1: 790 daAuts
     D:4: 553 daAuts
  Temple: 176 daAuts
